 Dungeon Crawl Stone Soup version 0.23.0 (webtiles) character file.

Game seed: 3819190310168408307

490 Gargoyl the Skirmisher (level 6, -3/78 HPs)
             Began as a Centaur Abyssal Knight on Feb 12, 2019.
             Was a Priest of Lugonu.
             Slain by a scorpion (5 damage)
             ... in an ossuary.
             The game lasted 00:07:36 (3910 turns).

Gargoyl the Skirmisher (Centaur Abyssal Knight)     Turns: 3910, Time: 00:07:36

Health: -3/78      AC: 23    Str: 12 (15) XL:     6   Next: 90%
Magic:  17/17      EV:  1    Int:  8 (11) God:    Lugonu [***...]
Gold:   197        SH:  0    Dex: 11 (14) Spells: 5/5 levels left

rFire    . . .     SeeInvis .   a - +2 hand axe
rCold    . . .     Gourm    .   (no shield)
rNeg     + + +     Faith    .   (armour currently unavailable)
rPois    +         Spirit   .   (helmet currently unavailable)
rElec    .         Reflect  .   (cloak currently unavailable)
rCorr    .         Harm     .   (gloves currently unavailable)
MR       .....     NoTele   +   (no barding)
Stlth    +.........             i - amulet of the acrobat
HPRegen  0.23/turn              f - +2 ring of dexterity
MPRegen  0.15/turn              h - ring of magical power

@: tree-form, hasted, heavily drained, very quick
A: large, agile 1, wild magic 1
a: Depart the Abyss, Bend Space, Banish, Renounce Religion


You were in an ossuary.
You worshipped Lugonu.
Lugonu was most pleased with you.
You were near starving.
You were a tree.
You visited 1 branch of the dungeon, and saw 4 of its levels.
You visited the Abyss 1 time.
You also visited: Ossuary.

You collected 197 gold pieces.

Inventory:

Hand Weapons
 a - a +2 hand axe (weapon)
Armour
 k - a +0 chain mail (melded)
 l - a +0 cloak (melded)
 q - a +0 helmet (melded)
Jewellery
 f - a +2 ring of dexterity (left branch)
 h - a ring of magical power (right branch)
 i - an amulet of the acrobat (around neck)
Scrolls
 m - 2 scrolls of remove curse
 p - a scroll of identify
Potions
 d - 2 potions of resistance
 e - a potion of cancellation
 g - a potion of flight
 o - a potion of lignification
Comestibles
 c - 2 rations


   Skills:
 + Level 3.9(2.3) Fighting
 + Level 3.8(2.2) Axes
 * Level 3.3(1.7) Armour
 * Level 2.0(0.5) Dodging
 * Level 3.4(1.8) Invocations


You had 5 spell levels left.
You didn't know any spells.
Your spell library was empty.

Dungeon Overview and Level Annotations

Branches:
Dungeon (4/15)
 Temple: D:4-7

Altars:
Nemelex Xobeh


Innate Abilities, Weirdness & Mutations

((You have hooves in place of feet.))
((Armour fits poorly on your strangely shaped body.))
((You cover ground very quickly.))
((You have extremely tough skin. (AC +3)))
((You have a pair of small antennae on your head.))
You are agile. (Dex +2)
((Your system is resistant to poisons. (rPois)))
Your spells are a little harder to cast, but a little more powerful.


Message History

The scorpion stings you but does no damage.
The scorpion completely misses you.
Unknown command.
Okay, then.
You hit the scorpion but do no damage.
The scorpion is heavily wounded.
You barely miss the scorpion.
The scorpion stings you but does no damage. x2
Unknown command.
You hit the scorpion.
You kill the scorpion!
Lugonu accepts your kill.
Your base Dodging skill increases to level 2!
You hit the scorpion.
The scorpion stings you but does no damage.
Unknown command.
You closely miss the scorpion.
The scorpion is heavily wounded.
The scorpion stings you.
You die...

######### #...#...#
+...8...+ #.......#
##+###8..s8###########+##
#..?#....♣..#...#...#?.!#
#?.?#...8...#...8...#?.!#
#..M#...#...#.......#M..#
##########'###8...8######
#^^^#...#^^^#.......#^^^#
#^^^'...'^^^#...8...'^^^#
#^^^#...#^^^#...#...#^^^#
##'###########'#######'##
#.....#.....#^^^#...#...#


You could see a scorpion.

Vanquished Creatures
  A big kobold (D:3)
  A scorpion (Ossuary)
  3 centaur zombies (Ossuary)
  A human zombie (Ossuary)
  Natasha (twice) (D:3)
  A big kobold zombie (Ossuary)
  8 adders
  2 worms
  4 dart slugs
  A leopard gecko (D:3)
  7 bats
  3 giant cockroaches
  9 goblins
  11 hobgoblins
  8 jackals
  A quokka (D:3)
  A ball python (D:2)
  9 frilled lizards
  2 goblin zombies (Ossuary)
  A hobgoblin zombie (Ossuary)
  16 kobolds
  2 kobold zombies (Ossuary)
  2 orc zombies (Ossuary)
  3 rats
99 creatures vanquished.

Notes
Turn   | Place    | Note
-------+----------+-------------------------------------------
     0 | Abyss:1  | Gargoyl the Centaur Abyssal Knight began the quest for the
                  | Orb.
     0 | Abyss:1  | Reached XP level 1. HP: 19/19 MP: 2/2
   141 | Abyss:3  | Noticed a tentacled starspawn
   153 | Abyss:3  | Noticed a large abomination
   186 | Abyss:3  | Noticed a worldbinder
   187 | Abyss:3  | Noticed a sun demon
   187 | Abyss:3  | Noticed a tentacled starspawn
   188 | D:1      | Escaped the Abyss
   241 | D:1      | Reached XP level 2. HP: 24/26 MP: 3/3
   418 | D:1      | Reached * piety under Lugonu
   589 | D:1      | Reached skill level 1 in Dodging
   816 | D:1      | Reached XP level 3. HP: 31/31 MP: 4/4
  1076 | D:2      | Found a sparkling altar of Nemelex Xobeh.
  1272 | D:2      | Reached XP level 4. HP: 35/38 MP: 5/5
  1344 | D:2      | Reached ** piety under Lugonu
  2391 | D:3      | Reached XP level 5. HP: 43/45 MP: 7/7
  2736 | D:3      | Noticed Natasha
  2760 | D:3      | Killed Natasha
  2940 | D:3      | Noticed Natasha
  3132 | D:3      | Killed Natasha
  3132 | D:3      | Reached XP level 6. HP: 48/52 MP: 8/8
  3575 | D:4      | Found a sand-covered staircase.
  3581 | Ossuary  | Entered an ossuary
  3730 | Ossuary  | Reached *** piety under Lugonu
  3898 | Ossuary  | Gained mutation: You are agile. (Dex +2) [potion of
                  | mutation]
  3898 | Ossuary  | Gained mutation: You have a pair of small antennae on your
                  | head. [potion of mutation]
  3898 | Ossuary  | Gained mutation: Your spells are a little harder to cast,
                  | but a little more powerful. [potion of mutation]
  3898 | Ossuary  | Gained mutation: Your system is resistant to poisons.
                  | (rPois) [potion of mutation]
  3899 | Ossuary  | HP: 3/78 [scorpion (1)]
  3904 | Ossuary  | HP: 1/78 [scorpion (3)]
  3910 | Ossuary  | Slain by a scorpion

Skill      XL: |  1  2  3  4  5  6 |
---------------+-------------------+-----
Axes           | 2 3 |  3.8
Dodging        | 1 2 |  2.0
Armour         | 2 3 |  3.3
Invocations    | 3 |  3.4
Fighting       | |  3.9

Action                   |  1- 3 |  4- 6 || total
-------------------------+-------+-------++-------
Melee: Hand axe          |   110 |   222 ||   332
       Kick              |    21 |    48 ||    69
Invok: Depart the Abyss  |     1 |       ||     1
  Use: Scroll            |     4 |     4 ||     8
       Potion            |     1 |     8 ||     9
  Eat: Chunk             |     1 |     2 ||     3
       Ration            |       |     1 ||     1
Armor: Leather armour    |    39 |       ||    39
       Chain mail        |    28 |   150 ||   178
       Skin              |       |    24 ||    24
Dodge: Dodged            |    71 |    63 ||   134
